 Dungeon Crawl Stone Soup version 0.22.1-2-g9c5b331383 (webtiles) character file.

816 Dickchan the Slicer (level 8, -8/41 HPs)
             Began as a Kobold Enchanter on Nov 13, 2018.
             Was an Initiate of Makhleb.
             Mangled by an ogre
             ... wielding a +0 giant club
              (14 damage)
             ... on level 6 of the Dungeon.
             The game lasted 00:08:35 (4586 turns).

Dickchan the Slicer (Kobold Enchanter)              Turns: 4586, Time: 00:08:36

Health: -8/41      AC:  8    Str:  5    XL:     8   Next: 16%
Magic:  1/17       EV: 15    Int: 18    God:    Makhleb [......]
Gold:   200        SH:  0    Dex: 16    Spells: 17/19 levels left

rFire    . . .     SeeInvis .   t - +2 dagger (drain)
rCold    . . .     Gourm    .   (shield restricted)
rNeg     . . .     Faith    .   b - +1 robe
rPois    .         Spirit   .   (no helmet)
rElec    .         Reflect  .   o - +2 cloak {+Inv}
rCorr    .         Harm     .   (no gloves)
MR       +....                  h - +1 pair of boots
Stlth    +++.......             (no amulet)
HPRegen  0.13/turn              r - ring of protection from magic
MPRegen  0.15/turn              x - ring of flight

@: no status effects
A: small, carnivore
a: Renounce Religion, Evoke Invisibility, Evoke Flight


You were on level 6 of the Dungeon.
You worshipped Makhleb.
Makhleb was noncommittal.
You were very full.

You visited 1 branch of the dungeon, and saw 6 of its levels.

You collected 200 gold pieces.

Inventory:

Hand Weapons
 a - a +2 dagger
 t - a +2 dagger of draining (weapon)
Missiles
 f - 42 bolts
Armour
 b - a +1 robe (worn)
 h - a +1 pair of boots (worn)
 o - a +2 cloak of invisibility (worn)
 v - a +0 buckler
Jewellery
 r - a ring of protection from magic (left hand)
 x - a ring of flight (right hand)
Scrolls
 e - 3 scrolls of remove curse
 i - 4 scrolls of teleportation
 j - 5 scrolls of identify
 k - a scroll of immolation {unknown}
 m - 2 scrolls of blinking
 s - a scroll of enchant armour
 u - a scroll of noise {unknown}
 y - a scroll of fear
Potions
 c - a potion of magic {unknown}
 g - a potion of brilliance {unknown}
 l - a potion of resistance
 n - a potion of haste {unknown}
 p - a potion of lignification {unknown}
 q - 2 potions of degeneration {unknown}
 w - a potion of agility
Comestibles
 d - 8 rations


   Skills:
 + Level 8.0 Short Blades
 - Level 2.4 Dodging
 - Level 4.0 Stealth
 + Level 6.4 Spellcasting
 - Level 3.0 Hexes


You had 17 spell levels left.
You knew the following spells:

 Your Spells              Type           Power        Failure   Level  Hunger
a - Ensorcelled Hibernat  Hex/Ice        ##....       10%         2    None

Your spell library contained the following spells:

 Spells                   Type           Power        Failure   Level  Hunger
 Corona                   Hex            ###....      3%          1    None
 Confuse                  Hex            ###.....     10%         3    ##.....
 Tukima's Dance           Hex            ###.....     10%         3    ##.....
 Magic Dart               Conj           #...         12%         1    None
 Searing Ray              Conj           #.....       17%         2    None
 Dazzling Spray           Conj/Hex       ##....       19%         3    ##.....
 Fulminant Prism          Conj/Hex       ##........   52%         4    ####...
 Force Lance              Conj/Tloc      #.......     75%         4    ####...
 Iskenderun's Mystic Bla  Conj           #.......     75%         4    ####...


Dungeon Overview and Level Annotations

Branches:
Dungeon (6/15)
 Temple: D:4-7

Altars:
Dithmenos
Makhleb
Xom

Annotations:
D:3 3 runed doors, Jynx's ghost, amateur OpTm
D:5 Eustachio


Innate Abilities, Weirdness & Mutations

You are small and have problems with some larger weapons.
You are carnivorous and can eat meat at any time.


Message History

The quokka misses you. The ogre barely misses you.
The quokka barely misses you.
You closely miss the quokka.
The quokka bites you but does no damage.
You hit the quokka.
The quokka is moderately wounded.
The quokka misses you.
You barely miss the quokka.
The quokka is moderately wounded.
You hit the quokka. You drain the quokka!
You kill the quokka!
Makhleb accepts your kill.
Casting: Ensorcelled Hibernation (safe; 10% risk of failure)
Confirm with . or Enter, or press ? or * to list all spells.
Aiming: Ensorcelled Hibernation (safe; 10% risk of failure)
Press: ? - help, Shift-Dir - straight line, f/p - ogre
Aim: an ogre, wielding a giant club (chance to defeat MR: 42%)
The ogre resists with some effort.
The ogre hits you with a giant club!
You die...

......................
......>.[#.###.#######
.............#.#
......(...##.#.#
..........# .#.#
########.## #.# #.#
#.# #O# .# #@# #.# #.#
#.. ###


You could see an ogre.

Vanquished Creatures
  A sky beast (D:5)
  An ogre (D:4)
  A scorpion (D:3)
  3 crimson imps
  2 orc priests (D:5)
  Crazy Yiuf (D:2)
  6 orc wizards
  An iguana (D:4)
  3 worker ants
  3 adders
  3 oozes
  2 worms
  A dart slug (D:5)
  5 leopard geckos
  14 orcs
  3 ball pythons
  7 bats
  6 giant cockroaches
  3 goblins
  6 hobgoblins
  4 jackals
  6 kobolds
  3 quokkas
  5 frilled lizards
  9 rats
99 creatures vanquished.

Notes
Turn   | Place    | Note
-------+----------+-------------------------------------------
     0 | D:1      | Dickchan the Kobold Enchanter began the quest for the Orb.
     0 | D:1      | Reached XP level 1. HP: 10/10 MP: 3/3
   651 | D:1      | Reached skill level 2 in Short Blades
   651 | D:1      | Reached XP level 2. HP: 14/15 MP: 5/5
   830 | D:1      | Learned a level 2 spell: Ensorcelled Hibernation
   918 | D:1      | Reached XP level 3. HP: 18/19 MP: 7/7
  1089 | D:1      | Reached skill level 3 in Short Blades
  1360 | D:2      | Reached XP level 4. HP: 24/24 MP: 8/8
  1595 | D:2      | Found a runed door.
  1648 | D:2      | Noticed Crazy Yiuf
  1652 | D:2      | Killed Crazy Yiuf
  1652 | D:2      | Reached skill level 4 in Short Blades
  2080 | D:3      | Found a runed gate.
  2080 | D:3      | Found a runed gate.
  2118 | D:3      | Found a runed gate.
  2275 | D:3      | Reached XP level 5. HP: 27/28 MP: 2/10
  2416 | D:3      | Noticed Jynx's ghost (amateur OpTm)
  3129 | D:4      | Noticed an ogre
  3180 | D:3      | Reached skill level 5 in Short Blades
  3278 | D:4      | Reached XP level 6. HP: 28/32 MP: 5/12
  3359 | D:4      | Killed an ogre
  3359 | D:4      | Reached skill level 6 in Short Blades
  3359 | D:4      | Reached skill level 5 in Spellcasting
  3379 | D:4      | Reached XP level 7. HP: 33/36 MP: 2/14
  3468 | D:4      | Found a shadowy altar of Dithmenos.
  3609 | D:5      | Entered Level 5 of the Dungeon
  3676 | D:5      | Found a burning altar of Makhleb.
  3766 | D:5      | Reached skill level 7 in Short Blades
  3796 | D:5      | Became a worshipper of Makhleb the Destroyer
  4171 | D:5      | Found a shimmering altar of Xom.
  4291 | D:5      | Reached XP level 8. HP: 20/41 MP: 17/17
  4503 | D:5      | Noticed Eustachio
  4559 | D:6      | Reached skill level 8 in Short Blades
  4586 | D:6      | Mangled by an ogre

Skill      XL: |  1  2  3  4  5  6  7  8 |
---------------+-------------------------+-----
Short Blades   | 2 3 4 5 6 7 8 |  8.0
Spellcasting   | 3 4 5 6 |  6.4
Dodging        | |  2.4
Stealth        | |  4.0
Hexes          | |  3.0

Action                   |  1- 3 |  4- 6 |  7- 9 || total
-------------------------+-------+-------+-------++-------
Melee: Dagger            |   143 |   148 |   183 ||   474
 Cast: Corona            |     2 |       |       ||     2
       Ensorcelled Hiber |     2 |    26 |    31 ||    59
  Use: Scroll            |       |     9 |       ||     9
 Stab: Sleeping          |    12 |    18 |    10 ||    40
       Distracted        |       |     2 |       ||     2
  Eat: Chunk             |     6 |    11 |     2 ||    19
Armor: Robe              |    24 |    32 |    50 ||   106
Dodge: Dodged            |   119 |    98 |   112 ||   329
